 Dungeon Crawl Stone Soup version 0.31.0-9-g3a7656b989 (webtiles) character file.

Game seed: 4417807094320802797

116 qw the Ducker (level 4, -3/22 HPs)
             Began as a Spriggan Hunter on Feb 2, 2024.
             Incinerated by a bombardier beetle (5 damage)
             ... with a burning spray
             ... on level 3 of the Dungeon.
             The game lasted 00:00:06 (1849 turns).

qw the Ducker (Spriggan Hunter)                     Turns: 1849, Time: 00:00:06

Health: -3/22      AC:  2    Str:  7    XL:     4   Next: 70%
Magic:  5/5        EV: 20    Int: 10    God:
Gold:   70         SH:  0    Dex: 20    Spells: 3/3 levels left

rFire   . . .        a - +0 shortbow
rCold   . . .        (shield currently unavailable)
rNeg    . . .        c - +0 robe
rPois   .            (helmet restricted)
rElec   .            (no cloak)
rCorr   .            (gloves unavailable)
SInv    +            (boots unavailable)
Will    .....        (no amulet)
Stlth   +            (no ring)
HPRegen 0.23/turn    (no ring)
MPRegen 0.09/turn

%: no passive effects
@: on fire, glowing, very quick
A: very small, no large weapons, unfitting armour, see invisible, speed 3
a: no special abilities


You were on level 3 of the Dungeon.
You visited 1 branch of the dungeon, and saw 3 of its levels.

You collected 70 gold pieces.


Innate Abilities, Weirdness & Mutations

You are very small and have problems with some larger weapons.
You are too small for most types of armour.
You have supernaturally acute eyesight. (SInv)
You cover ground extremely quickly. (Speed+++)


   Skills:
 + Level 1.5 Fighting
 - Level 5.0 Ranged Weapons
 - Level 5.3 Dodging
 - Level 1.5 Stealth


You had 3 spell levels left.
You didn't know any spells.
Your spell library was empty.

Inventory:

Hand Weapons
 a - a +0 shortbow (weapon)
Armour
 c - a +0 robe (worn)
Wands
 i - a wand of acid (10)
Potions
 e - a potion of resistance {unknown}
 g - a potion of lignification {unknown}
 h - a potion of heal wounds {unknown}

Dungeon Overview and Level Annotations

Branches:
Dungeon (3/15)

Altars:


Message History

The adder closely misses you.
You shoot an arrow. The arrow hits the adder!
You kill the adder!
A bombardier beetle comes into view.
You shoot an arrow. The arrow hits the bombardier beetle.
The bombardier beetle is moderately wounded.
You shoot an arrow.
The arrow closely misses the bombardier beetle.
You shoot an arrow.
The arrow hits the bombardier beetle but does no damage.
The bombardier beetle is moderately wounded.
You shoot an arrow. The arrow hits the bombardier beetle.
The bombardier beetle is severely wounded.
You shoot an arrow.
The arrow hits the bombardier beetle but does no damage.
The bombardier beetle is severely wounded.
You shoot an arrow.
The arrow barely misses the bombardier beetle.
The bombardier beetle sprays incendiary fluid at you.
The burning spray hits you.
You are covered in liquid fire!
You shoot an arrow. The arrow hits the bombardier beetle!
You kill the bombardier beetle!
The liquid fire burns you!
Your Dodging skill increases to level 5!
You are on fire!
The liquid fire burns you!
You are on fire!
The liquid fire burns you!
You are on fire!
The liquid fire burns you!
You are on fire!
The liquid fire burns you!
You are on fire!
The liquid fire burns you!
You are on fire!
The liquid fire burns you!
You are on fire!
The liquid fire burns you!
You die...

..... .....#
......###
.......<##
.....##..#
....####.########
.................
.######.........
##@..#####
...%.....##
....####.# #. ..
###


There were no monsters in sight!

Vanquished Creatures
  A bombardier beetle (D:3)
  3 adders
  A gnoll (D:1)
  A dart slug (D:1)
  3 bats
  9 endoplasms
  2 giant cockroaches (D:2)
  7 goblins (D:1)
  2 hobgoblins (D:1)
  3 jackals (D:1)
  5 kobolds (D:1)
  A quokka (D:2)
  3 ball pythons (D:1)
  2 frilled lizards (D:1)
  A rat (D:1)
44 creatures vanquished.

Notes
Turn   | Place    | Note
-------+----------+-------------------------------------------
     0 | D:1      | qw the Spriggan Hunter began the quest for the Orb.
     0 | D:1      | Reached XP level 1. HP: 10/10 MP: 2/2
     0 | D:1      | 0 ||| qw: Version: 0.3-a-155-g5e7d8dd
     0 | D:1      | 0 ||| qw: Game counter: 2098
     0 | D:1      | 0 ||| qw: Melee chars always use a shield: true
     0 | D:1      | 0 ||| qw: God list: Okawaru
     0 | D:1      | 0 ||| qw: Allow faded altars: false
     0 | D:1      | 0 ||| qw: Do Orc after clearing Dungeon:15 true
     0 | D:1      | 0 ||| qw: Do second Lair branch before Depths: true
     0 | D:1      | 0 ||| qw: Lair rune preference: random
     0 | D:1      | 0 ||| qw: Goals: Normal
     0 | D:1      | 0 ||| PLANNING D:1-11
    91 | D:1      | Reached skill level 3 in Dodging
   176 | D:1      | Reached XP level 2. HP: 14/14 MP: 3/3
   539 | D:1      | Reached XP level 3. HP: 18/18 MP: 4/4
   888 | D:1      | 888 ||| READING scroll labelled ZAKOTT HANN.
   888 | D:1      | 888 ||| IDENTIFYING green potion
   889 | D:1      | 889 ||| READING scroll labelled XAUNWI FEGGY.
   889 | D:1      | 889 ||| ENCHANTING +0 shortbow.
   890 | D:1      | 890 ||| DROPPING scroll of butterflies.
   891 | D:1      | 891 ||| DROPPING potion of brilliance.
  1270 | D:2      | Reached XP level 4. HP: 22/22 MP: 5/5
  1731 | D:2      | 1731 ||| READING scroll labelled WAAKKO FIGAYFA.
  1774 | D:2      | 1774 ||| READING scroll labelled MYMITO VOANEYH.
  1775 | D:2      | 1775 ||| READING scroll labelled NYWURPHOLEH.
  1776 | D:2      | 1776 ||| READING scroll labelled QERACZ WINU.
  1826 | D:3      | 1826 ||| PLANNING SEWER
  1847 | D:3      | HP: 4/22 [burnt (2)]
  1848 | D:3      | HP: 1/22 [burnt (3)]
  1849 | D:3      | Incinerated by a bombardier beetle

Levels and vault maps discovered:
D:1:      psy_arrival_dodecagon, layout_loops_corners, serial_forest,
          infiniplex_forest_fountain, infiniplex_forest_lined_corner,
          infiniplex_forest_straight_3, infiniplex_forest_straight_2,
          minmay_pentomino_x4
D:2:      layout_loops_corners
D:3:      layout_rooms, ebering_ghost_reflecting_pool,
          cheibrodos_sewer_entry_bend, ebering_ecumenical_altar_webs

Skill      XL: |  1  2  3  4 |
---------------+-------------+-----
Dodging        | 3 4 5 |  5.3
Ranged Weapons | 5 |  5.0
Fighting       | |  1.5
Stealth        | |  1.5

Action                     |  1- 3 |  4- 6 || total
---------------------------+-------+-------++-------
   Fire: Shortbow          |   120 |    14 ||   134
    Use: Scroll            |     2 |     4 ||     6
 Armour: Robe              |    14 |     1 ||    15
  Dodge: Dodged            |    65 |     2 ||    67

Table legend:
 A = Non-vault XP
 B = Vault XP
 C = Vault XP percentage of total XP
 D = Non-vault monster count
 E = Vault monster count
 F = Vault count percentage of total count
                 A         B        C        D         E       F
            +---------+---------+-------+---------+---------+-------
      Total |     163 |       4 |   2.4 |      41 |       3 |   6.8
            +---------+---------+-------+---------+---------+-------
        D:1 |      68 |       4 |   5.6 |      30 |       3 |   9.1
        D:2 |      40 |       0 |   0.0 |       9 |       0 |   0.0
        D:3 |      55 |       0 |   0.0 |       2 |       0 |   0.0
            +---------+---------+-------+---------+---------+-------
